 Dungeon Crawl Stone Soup version 0.28.0-49-g6dfe1f597d (webtiles) character file.

Game seed: 13315439038020234307

100 Atelerd the Digger (level 4, -1/27 HPs)
             Began as an Octopode Earth Elementalist on May 15, 2022.
             Slain by a scorpion (9 damage)
             ... on level 5 of the Dungeon.
             The game lasted 00:01:10 (2415 turns).

Atelerd the Digger (Octopode Earth Elementalist)    Turns: 2415, Time: 00:01:11

Health: -1/27      AC:  1    Str:  7    XL:     4   Next: 74%
Magic:  3/8        EV: 13    Int: 19    God:
Gold:   68         SH:  0    Dex: 12    Spells: 8/9 levels left

rFire   . . .      SeeInvis .   f - +0 dagger (venom)
rCold   . . .      Faith    .   (no shield)
rNeg    . . .      Spirit   .   (helmet restricted)
rPois   .          Reflect  .   (no amulet)
rElec   .          Harm     .   a - ring of resist corrosion
rCorr   +          Rampage  .   (no ring)
Will    .....                   (no ring)
Stlth   +++.......              (no ring)
HPRegen 0.09/turn               (no ring)
MPRegen 0.11/turn               (no ring)
                                (no ring)
                                (no ring)

@: lethally poisoned (-1 -> -15)
A: almost no armour, amphibious, 8 rings, camouflage 1, gelatinous body 1,
(nimble swimmer 1), tentacles
a: no special abilities


You were on level 5 of the Dungeon.
You visited 1 branch of the dungeon, and saw 4 of its levels.

You collected 68 gold pieces.

Inventory:

Hand Weapons
 f - a +0 dagger of venom (weapon)
Missiles
 b - 88 stones
Jewellery
 a - a ring of resist corrosion (left tentacle)
 g - a ring of fire
Scrolls
 c - 2 scrolls of teleportation {unknown}
 e - 2 scrolls of identify {unknown}
Potions
 d - a potion of curing {unknown}


   Skills:
 - Level 2.0 Dodging
 - Level 2.6 Stealth
 + Level 3.0 Spellcasting
 + Level 2.5 Transmutations
 + Level 3.9 Earth Magic


You had 8 spell levels left.
You knew the following spells:

 Your Spells              Type           Power      Damage    Failure   Level
a - Sandblast             Erth           34%        2d9       3%          1

Your spell library contained the following spells:

 Spells                   Type           Power      Damage    Failure   Level
 Passwall                 Tmut/Erth      12%        N/A       6%          2
 Stone Arrow              Conj/Erth      20%        3d8       21%         3
 Petrify                  Tmut/Erth      15%        N/A       36%         4


Dungeon Overview and Level Annotations

Branches:
Dungeon (3/15)

Altars:


Innate Abilities, Weirdness & Mutations

You cannot wear most types of armour.
You are amphibious.
You can wear up to eight rings at the same time.
Your skin changes colour to match your surroundings (Stealth+).
Your rubbery body absorbs attacks. (AC +1, EV +1)
((You are camouflaged when in or above water. (Stealth+)))
You have tentacles for arms and can constrict up to eight enemies at once.


Message History

You kill the iguana!
Your Spellcasting skill increases to level 3!
No target in view!
No target in view!
No target in view!
Found a stone staircase leading down.
No target in view!
No target in view!
A scorpion comes into view.
The blast of sand hits the scorpion but does no damage.
The blast of sand hits the scorpion.
The scorpion is moderately wounded.
The scorpion stings you.
You are poisoned.
The scorpion poisons you!
The blast of sand hits the scorpion.
The scorpion is heavily wounded.
You feel very sick. The scorpion barely misses you.
You completely miss the scorpion. Your grab misses the scorpion.
The scorpion is heavily wounded.
You feel very sick. The scorpion closely misses you.
The scorpion barely misses you.
The blast of sand hits the scorpion.
The scorpion is severely wounded.
You feel sick. The scorpion stings you.
You are lethally poisoned!
The scorpion poisons you!
You are too injured to fight recklessly!
Casting: Sandblast (safe; 3% risk of failure)
Confirm with . or Enter, or press ? or * to list all spells.
Aiming: Sandblast (safe; 3% risk of failure)
Press: ? - help, Shift-Dir - straight line, f/p - scorpion
Aim: a scorpion (severely wounded, 79% to hit)
The blast of sand hits the scorpion.
The scorpion is almost dead.
* * * LOW HITPOINT WARNING * * *
You feel very sick. The scorpion stings you!
You die...

#.##.........
##..#.........
+...#.........
#............
#..#......... ..
+..#..†....## ....
#..#.......#
.....####.......#
......s@........#
.........#######..
.........# .
.........#
.....##### .....
.... ....


You could see a scorpion.

Vanquished Creatures
  A jelly (D:5)
  An iguana (D:5)
  An adder (D:5)
  2 worms (D:2)
  2 endoplasms (D:1)
  2 giant cockroaches (D:1)
  2 goblins
  A hobgoblin (D:2)
  3 ball pythons (D:1)
  4 bats
  A frilled lizard (D:1)
  3 rats
23 creatures vanquished.

Notes
Turn   | Place    | Note
-------+----------+-------------------------------------------
     0 | D:1      | Atelerd the Octopode Earth Elementalist began the quest for
                  | the Orb.
     0 | D:1      | Reached XP level 1. HP: 11/11 MP: 3/3
   182 | D:1      | Reached XP level 2. HP: 17/17 MP: 1/5
  1503 | D:2      | Reached XP level 3. HP: 3/21 MP: 4/6
  2023 | D:3      | You fall into a shaft and drop 2 floors!
  2023 | D:5      | Entered Level 5 of the Dungeon
  2327 | D:5      | Reached XP level 4. HP: 20/27 MP: 3/8
  2408 | D:5      | Noticed a scorpion
  2415 | D:5      | Slain by a scorpion

Illustrated notes

Levels and vault maps discovered:
D:1:      lightli_arrival_chessboard, layout_basic, minmay_cupped
D:2:      layout_basic
D:3:      gammafunk_steamed_eel, layout_loops_ring, slow_altar_1,
          hellmonk_ecumenical_altar_zigzags, uniq_natasha, uniq_sigmund
D:5:      layout_gridville, chequers_serial_rivers_micro_c, uniq_edmund

Skill      XL: |  1  2  3  4 |
---------------+-------------+-----
Transmutations | 2 |  2.5
Spellcasting   | 3 |  3.0
Dodging        | |  2.0
Stealth        | |  2.6
Earth Magic    | |  3.9

Action                   |  1- 3 |  4- 6 || total
-------------------------+-------+-------++-------
Melee: Tentacles         |     4 |     1 ||     5
       Unarmed           |     2 |       ||     2
       Dagger            |    12 |     2 ||    14
       Constrict         |     6 |     1 ||     7
       Punch             |       |     1 ||     1
 Cast: Sandblast         |    22 |     5 ||    27
 Stab: Sleeping          |       |     1 ||     1
Armor: Skin              |     4 |       ||     4
Dodge: Dodged            |     8 |     3 ||    11
